 Dungeon Crawl Stone Soup version 0.29.1-2-gbd0b4ee654 (webtiles) character file.

Game seed: 7046482367702512681

89 Sabo the Chopper (level 4, -3/44 HPs)
             Began as a Troll Berserker on Nov 10, 2022.
             Was a Follower of Trog.
             Killed from afar by Terence (24 damage)
             ... with a bolt of light
             ... on level 2 of the Dungeon.
             The game lasted 00:05:54 (1164 turns).

Sabo the Chopper (Troll Berserker)                  Turns: 1164, Time: 00:05:55

Health: -3/44      AC:  4    Str: 25    XL:     4   Next: 31%
Magic:  3/3        EV: 10    Int:  5    God:    Trog [*.....]
Gold:   89         SH:  0    Dex:  9    Spells: 3/3 levels left

rFire   . . .      SeeInvis .   a - +0 hand axe
rCold   . . .      Faith    .   (no shield)
rNeg    . . .      Spirit   .   d - +0 robe
rPois   .          Reflect  .   (helmet restricted)
rElec   .          Harm     .   (no cloak)
rCorr   .          Rampage  .   (gloves unavailable)
Will    .....                   (boots unavailable)
Stlth   +.........              (no amulet)
HPRegen 0.94/turn               (no ring)
MPRegen 0.08/turn               (no ring)

@: no status effects
A: large, unfitting armour, claws 3, regeneration 1, shaggy fur 1, tough skin 1
a: Renounce Religion, Berserk


You were on level 2 of the Dungeon.
You worshipped Trog.
Trog was aware of your devotion.
You visited 1 branch of the dungeon, and saw 2 of its levels.

You collected 89 gold pieces.

Inventory:

Hand Weapons
 a - a +0 hand axe (weapon)
Missiles
 f - 6 boomerangs (quivered)
 j - 5 poisoned darts
Armour
 d - a +0 robe (worn)
Scrolls
 b - a scroll of identify {unknown}
 e - a scroll of enchant weapon {unknown}
 h - a scroll of brand weapon {unknown}
 i - 2 scrolls of fog {unknown}
Potions
 c - a potion of might {unknown}
 g - 3 potions of curing {unknown}


   Skills:
 + Level 2.8 Fighting
 + Level 3.2 Axes
 + Level 3.2 Dodging
 + Level 0.1 Stealth


You had 3 spell levels left.
You didn't know any spells.
Your spell library was empty.

Dungeon Overview and Level Annotations

Branches:
Dungeon (2/15)

Altars:

Annotations:
D:2 Terence


Innate Abilities, Weirdness & Mutations

You are too large for most types of armour.
You have claws for hands.
Your natural rate of healing is unusually fast.
You are covered in fur. (AC +1)
You have tough skin. (AC +1)


Message History

You kill Natasha!
Trog accepts your kill.
Trog appreciates your killing of a magic user.
Natasha screams in pain as she dies!
The bat closely misses you. The bat hits you. The bat misses you.
You have reached level 4!
You barely miss the bat. The bat barely misses you.
You hit the bat.
You kill the bat!
Trog accepts your kill.
Things that are here:
a bat corpse; the felid corpse of Natasha
Things that are here:
a bat corpse; the felid corpse of Natasha You feel yourself speed up.
You open the door.
Terence the Incautious comes into view.
He is wielding a +0 flail and carrying a wand of light (6).
Terence shouts!
Found a golden potion.
Found an escape hatch in the ceiling.
You hit Terence.
Terence is lightly wounded.
Terence hits you with a +0 flail!
You closely miss Terence.
Terence zaps a wand.
The bolt of light misses you.
You hit Terence.
Terence is moderately wounded.
Terence zaps a wand.
The bolt of light hits you!
You are confused.
You closely miss Terence.
Terence is moderately wounded.
Terence closely misses you.
You bump into the rock wall.
Terence hits you with a +0 flail!
You hit Terence but do no damage.
Terence is moderately wounded.
You feel less confused. Terence closely misses you.
You hit Terence but do no damage.
Terence is moderately wounded.
Terence zaps a wand.
The bolt of light hits you!!
Ouch! That really hurt!
You die...

#....#.##
###.#...####.........#
#........+<........+
#.#...### .........
#.##.## ....... #.# ##
..... #.#### .!.
#....# #@# ####.# #@#
#.# #.# #.# ##.## #.#
####...## #.#
#.......#.# #.#
#.........#
#.#####.....#####
#...........#
#######.....#


You could see Terence.

Vanquished Creatures
  Natasha (twice) (D:2)
  An adder (D:2)
  4 endoplasms
  3 hobgoblins (D:1)
  8 jackals (D:1)
  4 bats
  A frilled lizard (D:1)
  5 kobolds
  A rat (D:2)
29 creatures vanquished.

Notes
Turn   | Place    | Note
-------+----------+-------------------------------------------
     0 | D:1      | Sabo the Troll Berserker began the quest for the Orb.
     0 | D:1      | Reached XP level 1. HP: 22/22 MP: 0/0
   376 | D:1      | Reached XP level 2. HP: 29/29 MP: 1/1
   575 | D:1      | Found a faded altar of an unknown god.
   980 | D:2      | Reached XP level 3. HP: 36/36 MP: 2/2
  1033 | D:2      | Noticed Natasha
  1038 | D:2      | Killed Natasha
  1095 | D:2      | Noticed Natasha
  1107 | D:2      | Killed Natasha
  1108 | D:2      | Reached XP level 4. HP: 37/44 MP: 3/3
  1157 | D:2      | Noticed Terence
  1164 | D:2      | Killed from afar by Terence

Illustrated notes

Levels and vault maps discovered:
D:1:      giann_horns, layout_basic, ebering_ecumenical_altar_abandoned,
          minmay_tromino_i2
D:2:      layout_loops_corners, nrook_uturn, minivault_26,
          kennysheep_minor_cross, uniq_natasha, uniq_crazy_yiuf_cottage,
          uniq_terence

Skill      XL: |  1  2  3 |
---------------+----------+-----
Dodging        | 3 |  3.2
Axes           | 3 |  3.2
Fighting       | |  2.8
Stealth        | |  0.1

Action                   |  1- 3 |  4- 6 || total
-------------------------+-------+-------++-------
Melee: Hand axe          |    88 |     8 ||    96
Invok: Berserk           |     1 |       ||     1
Armor: Robe              |    45 |       ||    45
Dodge: Dodged            |    93 |     4 ||    97
